AoeStats
← Der Sprudel

Golden Pit

508921638Analyzed
1v1 RM · 7d ago on Sep 24, 2026· 28m 47s· 2 players
Game mode
Random Map
Map size
Tiny (2 player)
Population
200
Speed
Normal
Resources
Standard
Victory
Conquest
Starting age
Dark Age
Ending age
Imperial Age
RankedLock teamsTeams togetherTeam positionsShared explorationLock speedFull tech treeHidden civsTurbo modeCheats
Victory
Defeat
🇩🇪 Varangians · Germany
1254
+14
🇪🇸 Spanish · Spain
1217
-14
Der Sprudel
7:08 Loom
9:29 Feudal Age
10:16 Man-at-Arms
12:38 Double-Bit Axe
13:02 Horse Collar
16:28 Fletching
20:59 Castle Age
20:23 Scale Mail Armor
22:01 Bow Saw
21:55 Bodkin Arrow
21:22 Crossbowman
24:25 Padded Archer Armor
25:43 Wheelbarrow
27:31 Gold Mining
Diego Alatriste
3:17 Loom
11:44 Feudal Age
12:13 Town Watch
17:57 Castle Age
18:15 Fletching
27:59 Bodkin Arrow
Connection lost

Rejoining the realm…

Still unreachable

The connection could not be restored.

Session expired

The server has moved on; the page needs a fresh start.